 Dungeon Crawl Stone Soup version 0.31.0-11-ge490571c62 (webtiles) character file.

Game seed: 6747068721768322101

95 Gadfly the Changeling (level 4, -1/33 HPs)
             Began as a Merfolk Shapeshifter on Jan 29, 2024.
             Slain by Natasha (6 damage)
             ... on level 3 of the Dungeon.
             The game lasted 00:02:28 (1720 turns).

Gadfly the Changeling (Merfolk Shapeshifter)        Turns: 1720, Time: 00:02:29

Health: -1/33      AC:  2    Str: 16    XL:     4   Next: 65%
Magic:  0/5        EV: 13    Int:  9    God:
Gold:   70         SH:  0    Dex: 13    Spells: 3/3 levels left

rFire   . . .        b - +1 whip (elec)
rCold   . . .        (no shield)
rNeg    . . .        a - +0 animal skin
rPois   .            (helmet currently unavailable)
rElec   .            (cloak currently unavailable)
rCorr   .            (gloves currently unavailable)
SInv    .            (boots currently unavailable)
Will    .....        j - amulet of guardian spirit
Stlth   +            (no ring)
HPRegen 0.25/turn    (no ring)
MPRegen 0.09/turn

%: guardian spirit
@: beast-form, slowed, very slow
A: beast (slay +2), (nimble swimmer 2), mertail
a: Begin Untransformation


You were on level 3 of the Dungeon.
You were a hulking beast.
You visited 1 branch of the dungeon, and saw 3 of its levels.

You collected 70 gold pieces.

Inventory:

Hand Weapons
 b - a +1 whip of electrocution (weapon)
Missiles
 o - a throwing net (quivered)
Armour
 a - a +0 animal skin (worn)
 m - a +0 helmet
Jewellery
 h - a ring of wizardry
 j - an amulet of guardian spirit (around neck)
Talismans
 c - a beast talisman (active)
 d - a flux talisman
 i - a maw talisman
 l - a blade talisman
Scrolls
 e - a scroll of fear
 k - 2 scrolls of identify
 p - a scroll of revelation
Potions
 f - a potion of might
 g - a potion of lignification
 n - a potion of heal wounds


   Skills:
 + Level 1.7 Fighting
 + Level 3.1 Dodging
 * Level 4.0 Unarmed Combat
 * Level 1.9 Invocations
 * Level 1.9 Evocations
 + Level 4.3 Shapeshifting


You had 3 spell levels left.
You didn't know any spells.
Your spell library contained the following spells:

 Spells                   Type           Power      Damage    Failure   Level
 Inner Flame              Hex/Fire       0%         N/A       77%         3
 Flame Wave               Conj/Fire      0%         2d4       99%         4
 Sticky Flame             Fire/Alch      0%         2d4       99%         4


Dungeon Overview and Level Annotations

Branches:
Dungeon (3/15)

Altars:

Annotations:
D:3 Natasha


Innate Abilities, Weirdness & Mutations

You are a hulking beast.
Your limbs bulge with bestial killing power. (Slay +2)
((You are very nimble when in or above water. (Stealth+, EV+, Speed+++)))
Your lower body shifts to a powerful aquatic tail in water.


Message History

Natasha is nearby!
Natasha is nearby!
Natasha hisses angrily.
Natasha casts a spell.
You barely miss Natasha.
Natasha mumbles some strange words.
The cerulean imp hits you with a +2 spear.
Natasha stares at you and mumbles some strange words.
You feel yourself slow down.
You hit Natasha.
Natasha is lightly wounded.
The cerulean imp misses you.
The cerulean imp hits you but does no damage.
Natasha mumbles some strange words.
You feel disoriented. Natasha claws you!
You whack Natasha!
Natasha is heavily wounded.
The cerulean imp closely misses you.
Natasha mumbles some strange words.
You feel disoriented. Natasha claws you. The cerulean imp barely misses you. x2
The cerulean imp hits you with a +0 spear.
Natasha barely misses you.
You barely miss Natasha.
Natasha is heavily wounded.
The cerulean imp hits you with a +2 spear.
Natasha barely misses you.
The cerulean imp hits you with a +0 spear.
The cerulean imp hits you with a +2 spear.
You closely miss Natasha.
Natasha is heavily wounded.
Natasha claws you!
* * * LOW HITPOINT WARNING * * *
The cerulean imp completely misses you.
The cerulean imp hits you with a +2 spear.
* * * LOW HITPOINT WARNING * * *
The cerulean imp completely misses you. Natasha claws you!
You die...
Natasha begins licking her fur clean.

### #.. #.# #.#
#h# ###h##
#..55###.# #
#.#......# .#
##.##.##### #.##
#..#...### ##...#
#....⌠...###...⌠.+
#..#..)..(.......#
##.###....<....#
#.# ###.(...###


You could see Natasha and 2 cerulean imps.

Vanquished Creatures
  4 gnolls (D:3)
  An adder (D:2)
  2 ribbon worms (D:2)
  2 ball pythons (D:3)
  4 endoplasms
  4 giant cockroaches
  5 goblins
  4 hobgoblins
  2 jackals (D:2)
  2 kobolds
  2 quokkas
  3 bats
  2 frilled lizards (D:2)
  A rat (D:2)
38 creatures vanquished.

Notes
Turn   | Place    | Note
-------+----------+-------------------------------------------
     0 | D:1      | Gadfly the Merfolk Shapeshifter began the quest for the
                  | Orb.
     0 | D:1      | Reached XP level 1. HP: 15/15 MP: 1/1
   457 | D:1      | Reached XP level 2. HP: 21/21 MP: 2/2
   824 | D:2      | Reached skill level 1 in Invocations
   949 | D:2      | Reached skill level 1 in Evocations
  1029 | D:2      | Reached XP level 3. HP: 24/26 MP: 3/3
  1515 | D:3      | Reached XP level 4. HP: 32/32 MP: 5/5
  1710 | D:3      | Noticed Natasha
  1720 | D:3      | Slain by Natasha

Illustrated notes

Levels and vault maps discovered:
D:1:      nzn_arrival_crosshair, layout_basic
D:2:      layout_rooms, hangedman_decor_growths
D:3:      layout_basic, hellmonk_ghost_happy_afterlife,
          ebering_ecumenical_altar_petrified, roderic_batcave,
          grunt_ministairs_13, minmay_strange_pillars, uniq_grinder,
          uniq_natasha, uniq_ijyb, uniq_sigmund

Skill      XL: |  1  2  3  4 |
---------------+-------------+-----
Invocations    | 1 |  1.9
Evocations     | 1 |  1.9
Dodging        | 3 |  3.1
Unarmed Combat | 4 |  4.0
Fighting       | |  1.7
Shapeshifting  | |  4.3

Action                     |  1- 3 |  4- 6 || total
---------------------------+-------+-------++-------
  Melee: Unarmed           |    30 |       ||    30
         Whip              |    78 |    15 ||    93
         Punch             |     2 |     1 ||     3
    Use: Scroll            |     5 |       ||     5
 Armour: Animal skin       |    72 |    20 ||    92
  Dodge: Dodged            |    86 |    22 ||   108
   Form: Beast             |     2 |       ||     2
                           |     1 |       ||     1
